[Event "Late-Titled-Tuesday-Blitz-February-13-2024"]
[Site "Chess.com"]
[Date "2024.02.13"]
[Round "2"]
[White "jcibarra"]
[Black "HaryKane"]
[Result "1-0"]
[WhiteElo "2940"]
[BlackElo "2595"]
[TimeControl "180+1"]
[EndTime "14:13:43 PST"]
[Termination "jcibarra won by resignation"]

1. e4 e6 2. d4 d5 3. Nc3 dxe4 4. Nxe4 Nd7 5. Bd3 Ngf6 6. Qe2 c5 7. Nxf6+ Nxf6 8. dxc5 Bxc5 9. Bg5 Qa5+ 10. Bd2 Qb6 11. O-O-O O-O 12. Nf3 Bd7 13. Ne5 Ba4 14. Bg5 Nd5 15.
Qe4 f5 16. Qxa4 Bxf2 17. Nd7 Be3+ 18. Bxe3 Qxe3+ 19. Kb1 Rfd8 20. Rhe1 Qf2 21. Rxe6 Nf4 22. Rf1 Qxf1+ 23. Bxf1 Nxe6 24. Bc4 Kf7 25. Qb3 1-0

[Event "Late-Titled-Tuesday-Blitz-February-13-2024"]
[Site "Chess.com"]
[Date "2024.02.13"]
[Round "2"]
[White "Supelyel"]
[Black "zano2023"]
[Result "1-0"]
[WhiteElo "2473"]
[BlackElo "2138"]
[TimeControl "180+1"]
[EndTime "14:13:51 PST"]
[Termination "Supelyel won by checkmate"]

1. c4 d6 2. g3 Nf6 3. Bg2 Nbd7 4. Nc3 e5 5. d3 Be7 6. Bg5 O-O 7. Bxf6 Nxf6 8.
Nf3 c6 9. O-O Bd7 10. Rb1 Qc8 11. Re1 h6 12. b4 Bh3 13. Bh1 Ng4 14. b5 h5 15. bxc6 bxc6 16. Qb3 h4 17. Qb7 hxg3 18. hxg3 Qe6 19. Qxc6 Rac8 20. Qd5 Qh6 21. Rb7 Rfe8 22. Ne4 Kf8 23. Reb1 f5 24. Neg5 Qf6 25. Nh7# 1-0

[Event "Late-Titled-Tuesday-Blitz-February-13-2024"]
[Site "Chess.com"]
[Date "2024.02.13"]
[Round "2"]
[White "Boninknights"]
[Black "TheCavemanChess"]
[Result "0-1"]
[WhiteElo "2366"]
[BlackElo "2669"]
[TimeControl "180+1"]
[EndTime "14:13:55 PST"]
[Termination "TheCavemanChess won by resignation"]

1. d4 Nf6 2. Nf3 d5 3. c4 e6 4. Nc3 Bb4 5. Qa4+ Nc6 6. Bg5 h6 7. Bxf6 Qxf6 8. e3 O-O 9. Rc1 Rd8 10. cxd5 exd5 11. Be2 Bf8 12. O-O Ne7 13. Nb5 c6 14.
Nc7 Rb8 15. Qxa7 Bg4 16. b4 Qd6 17. Qb6 Nc8 18. Qa5 b6 19. Qa4 Qxc7 20. Qxc6 Qa7 21.
Qc7 Qxc7 22. Rxc7 Bxb4 23. Rb1 Bf8 24. Ne5 Bxe2 25. Nc6 Bd6 26. Rxf7 Kxf7 27. Nxd8+ Kf6 28. h3 Ne7 0-1

[Event "Late-Titled-Tuesday-Blitz-February-13-2024"]
[Site "Chess.com"]
[Date "2024.02.13"]
[Round "2"]
[White "ninguno46"]
[Black "Ready4abattle"]
[Result "1-0"]
[WhiteElo "2504"]
[BlackElo "2245"]
[TimeControl "180+1"]
[EndTime "14:13:57 PST"]
[Termination "ninguno46 won by checkmate"]

1. e4 c5 2. Nc3 Nc6 3. f4 e6 4. Nf3 Nge7 5. d4 Nxd4 6. Nxd4 cxd4 7. Qxd4 Nc6 8. Qf2 d5 9. Bd3 Be7 10. Bd2 O-O 11. O-O-O d4 12. Ne2 Qb6 13. e5 f6 14.
exf6 Bxf6 15. Ng3 Nb4 16. Bxb4 Qxb4 17. Qe2 Qa5 18. Kb1 Bd7 19. Ne4 Rac8 20. h4 Bc6 21.
Ng5 h6 22. Qxe6+ Kh8 23. Nf7+ Kg8 24. Nxh6+ Kh8 25. Qg8+ Rxg8 26. Nf7# 1-0

[Event "Late-Titled-Tuesday-Blitz-February-13-2024"]
[Site "Chess.com"]
[Date "2024.02.13"]
[Round "2"]
[White "Konavets"]
[Black "Sanyura"]
[Result "1-0"]
[WhiteElo "3035"]
[BlackElo "2659"]
[TimeControl "180+1"]
[EndTime "14:13:59 PST"]
[Termination "Konavets won by resignation"]

1. d4 Nf6 2. c4 g6 3. Nc3 Bg7 4. e4 d6 5. Be2 O-O 6. Bg5 c6 7. h4 a6 8. a4 Nbd7 9. h5 c5 10. d5 Rb8 11. hxg6 hxg6 12. Qc1 e6 13. Bh6 Bh8 14. dxe6 fxe6 15. Qg5 Bg7 16. Qxg6 Qe7 17. f4 b5 18. axb5 axb5 19. Nxb5 d5 20. e5 Ne4 21. Nf3 Rf5 22. g4 Nf8 23. Qxg7+ 1-0

[Event "Late-Titled-Tuesday-Blitz-February-13-2024"]
[Site "Chess.com"]
[Date "2024.02.13"]
[Round "2"]
[White "bocah_sakit"]
[Black "Qingdom"]
[Result "1-0"]
[WhiteElo "2465"]
[BlackElo "2163"]
[TimeControl "180+1"]
[EndTime "14:14:03 PST"]
[Termination "bocah_sakit won by resignation"]

1. e4 c5 2. Nf3 Nc6 3. Bb5 Nf6 4. e5 Nd5 5. O-O g6 6. Nc3 Nc7 7. Bxc6 dxc6 8. Re1 Bg4 9. h3 Bxf3 10. Qxf3 Bg7 11. Ne4 Ne6 12. d3 O-O 13. Qg3 Nd4 14. Qh4 Nxc2 15.
Bh6 f6 16. exf6 exf6 17. Nxc5 Nxe1 18. Bxg7 Nc2 19. Bxf8 Qxf8 20. Qc4+ Qf7 21. Qxc2 Rd8 22. Re1 b6 23. Ne6 Re8 24. Qxc6 1-0

[Event "Late-Titled-Tuesday-Blitz-February-13-2024"]
[Site "Chess.com"]
[Date "2024.02.13"]
[Round "2"]
[White "FabianoCaruana"]
[Black "Malev212"]
[Result "1-0"]
[WhiteElo "3058"]
[BlackElo "2671"]
[TimeControl "180+1"]
[EndTime "14:14:04 PST"]
[Termination "FabianoCaruana won by resignation"]

1. d4 g6 2. e4 Bg7 3. Nc3 c5 4. d5 d6 5. Bb5+ Bd7 6. Be2 Nf6 7. a4 O-O 8. h3 e6 9. dxe6 Bxe6 10. Nf3 Nc6 11.
O-O a6 12. Bf4 Qb6 13. Rb1 Rad8 14. Ng5 d5 15. Nxe6 fxe6 16. exd5 exd5 17. Bg5 Nd4 18. Bd3 Kh8 19. b4 cxb4 20. Be3 Ne4 21. Nxd5 Rxd5 22. Bxe4 Rd6 23. c3 Nf3+ 24. Qxf3 1-0

[Event "Late-Titled-Tuesday-Blitz-February-13-2024"]
[Site "Chess.com"]
[Date "2024.02.13"]
[Round "2"]
[White "NitaLucian"]
[Black "GothamChess"]
[Result "0-1"]
[WhiteElo "2353"]
[BlackElo "2721"]
[TimeControl "180+1"]
[EndTime "14:14:09 PST"]
[Termination "GothamChess won by resignation"]

1. e4 d5 2. d3 e5 3. Nf3 Nc6 4. Nbd2 f6 5. Be2 Be6 6. O-O Bc5 7.
c3 a5 8. a4 Nge7 9. Nb3 Bb6 10. Nfd2 Ng6 11. Bg4 Qd7 12. exd5 Bxg4 13. dxc6 bxc6 14.
Qc2 Be2 15. d4 Bxf1 16. Nxf1 O-O 17. Be3 Rad8 18. g3 f5 19. Bg5 Rde8 20. Rd1 Qf7 21. Nc5 f4 22. Ne4 h6 23. Bh4 Nxh4 24. gxh4 exd4 25.
cxd4 Qg6+ 0-1

[Event "Late-Titled-Tuesday-Blitz-February-13-2024"]
[Site "Chess.com"]
[Date "2024.02.13"]
[Round "2"]
[White "VitorBronson"]
[Black "waltereador"]
[Result "1-0"]
[WhiteElo "2508"]
[BlackElo "2251"]
[TimeControl "180+1"]
[EndTime "14:14:12 PST"]
[Termination "VitorBronson won by resignation"]

1. d4 e5 2. dxe5 Nc6 3. Nf3 Qe7 4. Nc3 Nxe5 5. Nd5 Nxf3+ 6. gxf3 Qd8 7. e4 c6 8. Nc3 Be7 9. Bf4 d6 10. Qd2 Nf6 11.
O-O-O Be6 12. Qe1 Qa5 13. Bxd6 Bxd6 14. Rxd6 Bxa2 15. e5 Nd5 16. e6 O-O 17. Bh3 Nxc3 18. Qxc3 Bxe6 19. Qxa5 Bxh3 20. Rhd1 b6 21. Qh5 Be6 22. Qh4 g6 23. Rd8 c5 24. Rxa8 Rxa8 25.
Rd8+ Rxd8 26. Qxd8+ 1-0

[Event "Late-Titled-Tuesday-Blitz-February-13-2024"]
[Site "Chess.com"]
[Date "2024.02.13"]
[Round "2"]
[White "GMBenjaminBok"]
[Black "IMRosen"]
[Result "1-0"]
[WhiteElo "2978"]
[BlackElo "2633"]
[TimeControl "180+1"]
[EndTime "14:14:14 PST"]
[Termination "GMBenjaminBok won by resignation"]

1. d4 d5 2. c4 e6 3. Nc3 Nf6 4. cxd5 exd5 5. Bg5 c6 6. e3 Bd6 7. Bd3 h6 8. Bh4 O-O 9. Nf3 Be6 10. Qb3 b6 11. Ne5 c5 12. Qc2 a6 13. f4 c4 14.
Be2 Be7 15. Bf3 b5 16. f5 Bc8 17. Bxf6 Bxf6 18. Nxd5 Bxe5 19. dxe5 Bb7 20. O-O-O Qc8 21. Ne7+ 1-0

[Event "Late-Titled-Tuesday-Blitz-February-13-2024"]
[Site "Chess.com"]
[Date "2024.02.13"]
[Round "2"]
[White "egnfanclub"]
[Black "arenal72"]
[Result "0-1"]
[WhiteElo "2339"]
[BlackElo "2578"]
[TimeControl "180+1"]
[EndTime "14:14:14 PST"]
[Termination "arenal72 won by resignation"]

1. e4 Nc6 2. d4 d5 3. Nc3 e6 4.
Nf3 Nf6 5. e5 Nd7 6. Bb5 f6 7.
Bf4 fxe5 8. Nxe5 Ncxe5 9. Bxe5 c6 10. Bd3 Nxe5 11. dxe5 Qg5 12. O-O Qxe5 13. Re1 Qf6 14. Qh5+ g6 15. Qe2 Bd7 16. a4 Bd6 17. g3 O-O-O 18. a5 h5 19. Qe3 d4 20. Ne4 dxe3 21.
Nxf6 exf2+ 22. Kxf2 Rhf8 0-1

[Event "Late-Titled-Tuesday-Blitz-February-13-2024"]
[Site "Chess.com"]
[Date "2024.02.13"]
[Round "2"]
[White "ckgchess"]
[Black "prime-morty"]
[Result "1-0"]
[WhiteElo "2864"]
[BlackElo "2563"]
[TimeControl "180+1"]
[EndTime "14:14:19 PST"]
[Termination "ckgchess won by resignation"]

1. e4 d6 2. d4 Nf6 3. Nc3 e5 4. Nf3 Nbd7 5. Rg1 g6 6. g4 Bg7 7. g5 Nh5 8. Be3 c6 9. Qd2 b5 10. O-O-O b4 11. Ne2 a5 12. dxe5 dxe5 13. Bh3 Qc7 14.
Qd6 Qb7 15. Bc5 Bf8 16. Bxd7+ Qxd7 17. Qxe5+ Qe6 18. Qxh8 1-0

[Event "Late-Titled-Tuesday-Blitz-February-13-2024"]
[Site "Chess.com"]
[Date "2024.02.13"]
[Round "2"]
[White "SmirnovTimofey2000"]
[Black "Quattroporte300"]
[Result "0-1"]
[WhiteElo "1983"]
[BlackElo "2409"]
[TimeControl "180+1"]
[EndTime "14:14:19 PST"]
[Termination "Quattroporte300 won by resignation"]

1. e4 c5 2. c3 d5 3. exd5 Qxd5 4.
d4 Nf6 5. Nf3 e6 6. Be2 Nc6 7.
O-O Be7 8. Na3 O-O 9. Nb5 Qd8 10. Bf4 Nd5 11. Bg3 a6 12. Na3 b5 13. dxc5 Bxc5 14. Nc2 Bb7 15. Ne5 Nxe5 16. Bxe5 Qg5 17. Bg3 Rad8 18.
Qc1 Qg6 19. Bf3 h5 20. h4 Qxg3 21. Bxh5 Nf4 0-1

[Event "Late-Titled-Tuesday-Blitz-February-13-2024"]
[Site "Chess.com"]
[Date "2024.02.13"]
[Round "2"]
[White "jup1978"]
[Black "IraZyne"]
[Result "1-0"]
[WhiteElo "2565"]
[BlackElo "2336"]
[TimeControl "180+1"]
[EndTime "14:14:21 PST"]
[Termination "jup1978 won by resignation"]

1. d4 d5 2. Nf3 e6 3. c4 c6 4. g3 Bd6 5. Bg2 f5 6. O-O Qf6 7. b3 Ne7 8. Ba3 Bc7 9. Bb2 Nd7 10. Nc3 O-O 11. e3 b6 12. cxd5 exd5 13. Rc1 Bb7 14. Na4 Bd6 15. Qd2 h6 16. Rc2 Qe6 17.
Rfc1 g5 18. Qc3 Rac8 19. Ne5 Ng6 20. Nxg6 Qxg6 21. b4 Qe6 22. Qb3 Kh7 23. b5 cxb5 24. Rxc8 Rxc8 25. Rxc8 Bxc8 26. Bxd5 Qe7 27. Qxb5 Nf6 28.
Bg2 Bd7 29. Qb3 Ne4 30. Nc3 Nd2 31. Qc2 Nc4 32. Nd5 1-0

[Event "Late-Titled-Tuesday-Blitz-February-13-2024"]
[Site "Chess.com"]
[Date "2024.02.13"]
[Round "2"]
[White "Noki102"]
[Black "CaspiIsrael"]
[Result "0-1"]
[WhiteElo "2539"]
[BlackElo "2817"]
[TimeControl "180+1"]
[EndTime "14:14:36 PST"]
[Termination "CaspiIsrael won by resignation"]

1. d4 f5 2. Nf3 Nf6 3. Bf4 g6 4. e3 Bg7 5. Bc4 d6 6. O-O e6 7. a4 Qe7 8. Nbd2 Nc6 9. Re1 e5 10. dxe5 dxe5 11. e4 fxe4 12. Nxe4 Nxe4 13. Rxe4 Bf5 14.
Re2 Rd8 15. Qe1 e4 16. c3 Kd7 17. Ng5 Rhe8 18. Rd1+ Kc8 19. Rxd8+ Kxd8 20. f3 Qc5+ 21. Kh1 Qxc4 22. fxe4 Bd7 23. e5 Qxf4 24. e6 Qxg5 25. exd7 Rxe2 26. Qxe2 Qc1+ 0-1

[Event "Late-Titled-Tuesday-Blitz-February-13-2024"]
[Site "Chess.com"]
[Date "2024.02.13"]
[Round "2"]
[White "alexrustemov"]
[Black "topce"]
[Result "1-0"]
[WhiteElo "2824"]
[BlackElo "2390"]
[TimeControl "180+1"]
[EndTime "14:14:42 PST"]
[Termination "alexrustemov won by checkmate"]

1. d4 e6 2. c4 Nf6 3. Nf3 c5 4. d5 exd5 5. cxd5 d6 6. Nc3 g6 7. h3 Bg7 8. e4 O-O 9. Bd3 b5 10.
O-O b4 11. Nb1 a5 12. Nbd2 Nbd7 13. Nc4 Nb6 14. Nxb6 Qxb6 15. Nd2 Ba6 16. Bxa6 Qxa6 17.
Qc2 Rfe8 18. Rb1 Ra7 19. f3 Nxd5 20. exd5 Bd4+ 21. Kh2 Qxf1 22. Nxf1 Re1 23. Bf4 Rae7 24.
Bxd6 Rxb1 25. Qxb1 Re2 26. b3 Rxg2+ 27. Kxg2 f5 28.
Qd3 g5 29. Qb5 f4 30. Qe8+ Kg7 31. Be5+ Bxe5 32. Qxe5+ Kf7 33. d6 g4 34. hxg4 h5 35. d7 hxg4 36. d8=Q gxf3+ 37. Kxf3 c4 38. Qd7+ Kf8 39.
Qeg7# 1-0

[Event "Late-Titled-Tuesday-Blitz-February-13-2024"]
[Site "Chess.com"]
[Date "2024.02.13"]
[Round "2"]
[White "Hirna2005"]
[Black "Romadk"]
[Result "0-1"]
[WhiteElo "2309"]
[BlackElo "2528"]
[TimeControl "180+1"]
[EndTime "14:14:43 PST"]
[Termination "Romadk won by resignation"]

1. e4 Nf6 2. e5 Nd5 3. Nf3 d6 4. d4 g6 5. Be2 Bg7 6. O-O O-O 7. h3 Nc6 8. c4 Nb6 9. exd6 cxd6 10. Nc3 Bf5 11. Be3 d5 12. c5 Nc4 13. b3 Nxe3 14.
fxe3 Bh6 15. Qd2 e5 16. g4 exd4 17. Nxd4 Nxd4 18. Qxd4 Re8 19. Nxd5 Bxe3+ 20. Qxe3 Rxe3 21. Nxe3 Qd4 22. gxf5 Qxe3+ 23. Rf2 Qxc5 24. Bc4 Rd8 25. fxg6 hxg6 26. Bxf7+ Kg7 27. Bc4 b5 28. Bf1 Rf8 0-1

[Event "Late-Titled-Tuesday-Blitz-February-13-2024"]
[Site "Chess.com"]
[Date "2024.02.13"]
[Round "2"]
[White "pinguino120"]
[Black "KacperKacprzak"]
[Result "0-1"]
[WhiteElo "2337"]
[BlackElo "2718"]
[TimeControl "180+1"]
[EndTime "14:14:54 PST"]
[Termination "KacperKacprzak won by resignation"]

1. d4 e6 2. c4 d5 3. Nf3 c6 4. g3 dxc4 5. Bg2 b5 6. O-O Bb7 7.
a4 a6 8. Ne5 Nf6 9. e4 Nbd7 10.
f4 Be7 11. Be3 O-O 12. Nd2 c5 13. b3 c3 14. Nb1 Nxe4 15. Nxd7 Qxd7 16. Bxe4 Bxe4 17.
Nxc3 Bb7 18. dxc5 Qc6 19. Qe2 Qh1+ 20. Kf2 Qxh2+ 21. Ke1 Qxg3+ 22. Kd2 Rfd8+ 23. Kc2 Bf6 24. axb5 axb5 25. Rxa8 Bxa8 26. Rg1 Qh3 27. Nxb5 Be4+ 28. Kc1 Bd3 0-1

[Event "Late-Titled-Tuesday-Blitz-February-13-2024"]
[Site "Chess.com"]
[Date "2024.02.13"]
[Round "2"]
[White "subham777"]
[Black "jinxy2009"]
[Result "1-0"]
[WhiteElo "2503"]
[BlackElo "2233"]
[TimeControl "180+1"]
[EndTime "14:14:54 PST"]
[Termination "subham777 won by checkmate"]

1. e4 c6 2. c4 d5 3. cxd5 cxd5 4. exd5 Nf6 5. Nc3 Nbd7 6. Bb5 a6 7. Ba4 b5 8. Bb3 Bb7 9. Nf3 Nb6 10. O-O Nbxd5 11. Re1 e6 12. d4 Be7 13. Ne5 O-O 14. Qf3 Rb8 15. Qh3 b4 16. Ne2 a5 17. Ng3 Rc8 18. Bg5 h6 19. Bxh6 gxh6 20. Qxh6 Nh7 21. Nh5 Bg5 22.
Qg7# 1-0

[Event "Late-Titled-Tuesday-Blitz-February-13-2024"]
[Site "Chess.com"]
[Date "2024.02.13"]
[Round "2"]
[White "Grossboss19"]
[Black "ViIIagra"]
[Result "0-1"]
[WhiteElo "2618"]
[BlackElo "2967"]
[TimeControl "180+1"]
[EndTime "14:14:55 PST"]
[Termination "ViIIagra won by resignation"]

1. d4 Nf6 2. c4 d6 3. g3 e5 4. Nf3 Nc6 5. e3 Be7 6. Bg2 O-O 7. O-O Re8 8. Nc3 Bf8 9. a3 exd4 10. Nxd4 Ne5 11.
b3 c6 12. Bb2 Bd7 13. Qc2 Qc8 14. Rfe1 Bh3 15. Bh1 Qg4 16. f3 Qh5 17. Rad1 c5 18.
Ndb5 Nxf3+ 19. Bxf3 Qxf3 20. Nc7 Bf5 21. Qg2 Qxg2+ 22.
Kxg2 Bc2 23. Rc1 Bxb3 24. N3b5 a6 25. Nxe8 Nxe8 26. Rc3 Ba4 27. Nd4 cxd4 28. exd4 Rc8 29. Rec1 f6 30. c5 dxc5 31. dxc5 Kf7 32. Rc4 Bc6+ 33.
Kg1 Nc7 34. Bd4 Ne6 35. Be3 Rd8 36. R4c3 g5 37. Kf2 h6 38. Ke1 Bg7 39. Rd1 Rxd1+ 40. Kxd1 f5 41. Rd3 Be5 42. Bf2 f4 43. Ke2 Bb5 44. Kd2 Bxd3 45. Kxd3 fxg3 46. hxg3 Nd8 47. Ke4 Ke6 0-1

[Event "Late-Titled-Tuesday-Blitz-February-13-2024"]
[Site "Chess.com"]
[Date "2024.02.13"]
[Round "2"]
[White "Dinamo3"]
[Black "Mops_2004"]
[Result "0-1"]
[WhiteElo "2533"]
[BlackElo "2785"]
[TimeControl "180+1"]
[EndTime "14:15:02 PST"]
[Termination "Mops_2004 won by resignation"]

1. c4 g6 2. Nc3 Bg7 3. g3 d6 4. Bg2 Nf6 5. d3 e5 6. e4 Nc6 7. Nge2 Nd7 8. O-O Nc5 9. Be3 Ne6 10. f4 Ned4 11. Nd5 Bg4 12. Ndc3 exf4 13. gxf4 Nxe2+ 14. Nxe2 Bxb2 15. Rb1 Bd4 16. Qd2 Bxe2 17. Qxe2 Rb8 18. e5 O-O 19. Bxc6 Bxe3+ 20. Qxe3 bxc6 21. d4 Qh4 22. Qg3 Qxg3+ 23. hxg3 Rb6 24. Rb3 Rxb3 25. Rb1 Rxb1+ 0-1

[Event "Late-Titled-Tuesday-Blitz-February-13-2024"]
[Site "Chess.com"]
[Date "2024.02.13"]
[Round "2"]
[White "Sleepless_Knightmare"]
[Black "hurricane7791"]
[Result "0-1"]
[WhiteElo "2286"]
[BlackElo "2710"]
[TimeControl "180+1"]
[EndTime "14:15:02 PST"]
[Termination "hurricane7791 won by resignation"]

1. e4 c5 2. Nf3 d6 3. d4 cxd4 4.
Nxd4 Nf6 5. Nc3 a6 6. Bg5 Nbd7 7. Bc4 Qb6 8. Bb3 e6 9. Qd2 Be7 10. f3 Nc5 11. Be3 Qc7 12. O-O-O b5 13. Kb1 Bd7 14. g4 b4 15. Nce2 a5 16. g5 Nh5 17.
Ng3 Nxg3 18. hxg3 a4 19. Bd5 exd5 20. exd5 b3 21. cxb3 axb3 22. a3 Rc8 23. Rc1 Qb7 24.
g4 Qxd5 25. Rc3 Na4 26. Rxc8+ Bxc8 27. Rd1 O-O 28. Qh2 Bxg5 29. Rh1 h6 30. f4 Bf6 31.
g5 Bxd4 32. Bxd4 Bf5+ 33. Ka1 Qxd4 34. gxh6 g6 35. h7+ Kh8 36. Rc1 Bc2 37. Rxc2 bxc2 38. Qxc2 Rb8 39. f5 Nxb2 40. Qc3 Qxc3 0-1

[Event "Late-Titled-Tuesday-Blitz-February-13-2024"]
[Site "Chess.com"]
[Date "2024.02.13"]
[Round "2"]
[White "dedpihto_v_kozhanom_palto"]
[Black "CFalcons8"]
[Result "0-1"]
[WhiteElo "2686"]
[BlackElo "2431"]
[TimeControl "180+1"]
[EndTime "14:15:08 PST"]
[Termination "CFalcons8 won by resignation"]

1. c4 e6 2. Nc3 d5 3. cxd5 exd5 4. d4 Nf6 5. Nf3 Bb4 6. Bg5 O-O 7. e3 Be6 8. Bd3 c5 9. dxc5 Nbd7 10. O-O Nxc5 11. Bc2 Bxc3 12. bxc3 h6 13. Bh4 Rc8 14. Rb1 b6 15.
Nd4 g5 16. Bg3 Nce4 17. Bxe4 Nxe4 18. Nxe6 fxe6 19. Qh5 Qf6 20. Rbc1 Nxc3 21. a3 Ne4 22. Qe2 Nc3 23. Qd3 Rc4 24. Rc2 Rfc8 25. Rfc1 Ne2+ 26.
Qxe2 Rxc2 27. Rxc2 Qa1+ 28. Qf1 Qxf1+ 29. Kxf1 Rxc2 30. h4 Ra2 31. hxg5 hxg5 32. Bd6 Kf7 33. g4 Ke8 34. f4 gxf4 35. exf4 Kd7 36. Bf8 a5 37. g5 Ke8 38. Bd6 Kf7 39. Ke1 b5 40. Kd1 Kg6 41. Kc1 Rf2 42. Kd1 Kf5 43. Ke1 Ra2 44.
Kd1 Rh2 45. Kc1 d4 46. Kd1 Rg2 47. Ke1 Ke4 48. Kf1 Kf3 49. Ke1 d3 50. Kd1 Ke4 51. Bc7 b4 52. axb4 axb4 53. Be5 b3 54. Kc1 d2+ 55. Kd1 Kd3 56. Bd4 Kxd4 57. g6 0-1

[Event "Late-Titled-Tuesday-Blitz-February-13-2024"]
[Site "Chess.com"]
[Date "2024.02.13"]
[Round "2"]
[White "a_kandil"]
[Black "DraningWaterHi"]
[Result "1-0"]
[WhiteElo "2488"]
[BlackElo "2207"]
[TimeControl "180+1"]
[EndTime "14:15:08 PST"]
[Termination "a_kandil won by resignation"]

1. e4 e5 2. Nf3 Nc6 3. Bb5 a6 4. Ba4 Nf6 5. O-O Be7 6. d3 b5 7. Bb3 O-O 8. Re1 d6 9. h3 h6 10. a3 Nb8 11. Nc3 Nbd7 12. d4 Bb7 13. Ba2 c6 14.
Be3 Qc7 15. dxe5 dxe5 16. Nh4 Rfd8 17. Qf3 Bf8 18. Qg3 Nb6 19. Bxh6 Nc4 20. Bxc4 bxc4 21. Nf5 g6 22. Bxf8 Kxf8 23. Qg5 Ng8 24. Ne3 Rd4 25. Ng4 Rad8 26. Nxe5 Re8 27. Nf3 Rdd8 28. e5 Re6 29. Rad1 c5 30. Rxd8+ Kg7 31. Rd6 1-0

[Event "Late-Titled-Tuesday-Blitz-February-13-2024"]
[Site "Chess.com"]
[Date "2024.02.13"]
[Round "2"]
[White "dropstoneDP"]
[Black "Rashad_Zeynalli"]
[Result "1-0"]
[WhiteElo "3048"]
[BlackElo "2660"]
[TimeControl "180+1"]
[EndTime "14:15:10 PST"]
[Termination "dropstoneDP won by resignation"]

1. e4 e5 2. Nf3 Nc6 3. Bb5 f5 4. d3 fxe4 5. dxe4 Nf6 6. O-O Bc5 7. Bxc6 bxc6 8. Nxe5 O-O 9. Nc3 Ba6 10. Nd3 Bb6 11.
Bg5 Qe8 12. Bxf6 Rxf6 13. Kh1 Bxd3 14. Qxd3 Bxf2 15. e5 Qxe5 16. Ne4 Rh6 17. h3 Bd4 18. c3 Bb6 19. Qxd7 Bc5 20. Qf7+ Kh8 21. Rae1 Re8 22. Nxc5 1-0

[Event "Late-Titled-Tuesday-Blitz-February-13-2024"]
[Site "Chess.com"]
[Date "2024.02.13"]
[Round "2"]
[White "InadaC"]
[Black "delqate"]
[Result "0-1"]
[WhiteElo "2231"]
[BlackElo "2503"]
[TimeControl "180+1"]
[EndTime "14:15:12 PST"]
[Termination "delqate won by resignation"]

1. Nf3 d5 2. g3 Nf6 3. b3 g6 4. Bb2 Bg7 5. Bg2 O-O 6. d3 Nc6 7. O-O Re8 8. Nbd2 e5 9. c4 e4 10.
dxe4 dxe4 11. Ne1 e3 12. fxe3 Ng4 13. Bxg7 Nxe3 14. Qc1 Nxf1 15. Nxf1 Kxg7 16. e4 Qd4+ 17. Kh1 Bg4 18. Nc2 Qc3 19. Qf4 Be2 20. Nfe3 Nd4 21. Rc1 Nxc2 22. Rxc2 Qe1+ 23. Nf1 Rad8 24. Rc1 Rd1 25. Rxd1 Qxd1 26. Kg1 Bxf1 27. Bxf1 Qd4+ 28. Qf2 Rxe4 29. Qxd4+ Rxd4 30. Kf2 Rd2+ 31. Ke3 Rxa2 32. h4 Ra3 0-1

[Event "Late-Titled-Tuesday-Blitz-February-13-2024"]
[Site "Chess.com"]
[Date "2024.02.13"]
[Round "2"]
[White "Attacker_2006"]
[Black "MajorCoast"]
[Result "1-0"]
[WhiteElo "2483"]
[BlackElo "2199"]
[TimeControl "180+1"]
[EndTime "14:15:16 PST"]
[Termination "Attacker_2006 won by resignation"]

1. e4 e6 2. Nf3 d5 3. exd5 exd5 4. d4 Bd6 5. h3 Ne7 6. Bd3 Bf5 7. O-O Bxd3 8.
Qxd3 O-O 9. c3 c6 10. Re1 Ng6 11. Be3 Nd7 12. Nbd2 Re8 13. Rad1 Nf6 14. Bg5 h6 15.
Be3 Qc7 16. a4 a5 17. c4 Nf4 18. Qf5 Ne4 19. c5 Nxf2 20. cxd6 Qxd6 21. Bxf4 Qb4 22.
Kxf2 Qxd4+ 23. Nxd4 1-0

[Event "Late-Titled-Tuesday-Blitz-February-13-2024"]
[Site "Chess.com"]
[Date "2024.02.13"]
[Round "2"]
[White "brother-bear"]
[Black "elchacal664"]
[Result "0-1"]
[WhiteElo "2006"]
[BlackElo "2414"]
[TimeControl "180+1"]
[EndTime "14:15:16 PST"]
[Termination "elchacal664 won by resignation"]

1. e4 d5 2. exd5 Qxd5 3. Nc3 Qd6 4. d4 a6 5. Nf3 Nf6 6. g3 b5 7. Bg2 Bb7 8. O-O e6 9. Bf4 Qb6 10. Re1 Bd6 11. Qd2 O-O 12. Rad1 Rd8 13. a3 Nbd7 14.
Bxd6 cxd6 15. Qf4 Rac8 16. Rd2 h6 17. h4 Rc4 18. Qe3 Ng4 19. Qe2 Ngf6 20. Red1 Rdc8 21.
Ne1 Bxg2 22. Nxg2 Rxc3 23. bxc3 Nd5 24. Qg4 N7f6 25. Qf3 Nxc3 26. Re1 Ncd5 27. Ne3 Qa5 28. Red1 Qxa3 29. Nxd5 Qxf3 0-1

[Event "Late-Titled-Tuesday-Blitz-February-13-2024"]
[Site "Chess.com"]
[Date "2024.02.13"]
[Round "2"]
[White "CrushingKings"]
[Black "titomagno_64"]
[Result "1-0"]
[WhiteElo "2643"]
[BlackElo "2205"]
[TimeControl "180+1"]
[EndTime "14:15:20 PST"]
[Termination "CrushingKings won by resignation"]

1. Nf3 Nf6 2. g3 g6 3. Bg2 Bg7 4. O-O O-O 5. d4 c6 6. b3 d5 7. Bb2 Ne4 8. c4 dxc4 9. bxc4 c5 10. Nbd2 Bf5 11. Nh4 Nxd2 12. Qxd2 Bc8 13. d5 Nd7 14. f4 Nb6 15. Bxg7 Kxg7 16. Qc3+ Kg8 17. e4 Qd7 18. f5 Qa4 19. Rac1 Qxa2 20. fxg6 hxg6 21. Nxg6 f6 22. Nxf8 Kxf8 23. e5 Na4 24. Qe3 1-0

[Event "Late-Titled-Tuesday-Blitz-February-13-2024"]
[Site "Chess.com"]
[Date "2024.02.13"]
[Round "2"]
[White "mjelcic"]
[Black "verrbaa"]
[Result "0-1"]
[WhiteElo "2197"]
[BlackElo "2483"]
[TimeControl "180+1"]
[EndTime "14:15:21 PST"]
[Termination "verrbaa won by resignation"]

1. d4 Nf6 2. Bf4 g6 3. e3 Bg7 4. Nf3 O-O 5. h3 d6 6. Nbd2 b6 7.
Bd3 Bb7 8. c4 Nbd7 9. O-O Re8 10. Bh2 e5 11. dxe5 dxe5 12. e4 Nh5 13. Re1 Nf4 14.
Bf1 Nc5 15. Qc2 a5 16. b3 Qe7 17. Rad1 Rad8 18. Bg3 Nfd3 19. Re3 Nb4 20. Qb2 Bh6 21.
Rc3 Nxe4 22. Nxe4 Rxd1 23. Qe2 Rdd8 24. Bxe5 Bxe4 25. Qxe4 f6 26. Qh4 Bg7 27. Bd4 f5 28. Re3 Qxh4 29. Nxh4 Bxd4 0-1

[Event "Late-Titled-Tuesday-Blitz-February-13-2024"]
[Site "Chess.com"]
[Date "2024.02.13"]
[Round "2"]
[White "maicolbenavides"]
[Black "giovannibrandao7"]
[Result "1-0"]
[WhiteElo "2509"]
[BlackElo "2257"]
[TimeControl "180+1"]
[EndTime "14:15:22 PST"]
[Termination "maicolbenavides won by resignation"]

1. e4 c5 2. Nf3 d6 3. d4 cxd4 4. Nxd4 Nf6 5. Nc3 a6 6. h3 e5 7.
Nde2 b5 8. g4 Bb7 9. Bg2 b4 10.
Nd5 Nxd5 11. exd5 Be7 12. a3 bxa3 13. Rxa3 Nd7 14. O-O O-O 15. f4 exf4 16. Bxf4 Nc5 17. Kh1 Rc8 18. Nd4 Re8 19. b4 Nd7 20. Nc6 Bxc6 21.
dxc6 Ne5 22. Rxa6 Bf6 23. b5 Qc7 24. Bxe5 1-0